 Dungeon Crawl Stone Soup version 0.15.2 (webtiles) character file.

7312 magipi the Gouger (level 10, -7/58 HPs)
             Began as a Felid Transmuter on Feb 8, 2015.
             Was the Champion of Makhleb.
             Mangled by a blink frog (16 damage)
             ... on Level 1 of the Lair of Beasts.
             The game lasted 01:33:49 (17658 turns).

magipi the Gouger (Felid Transmuter)               Turns: 17658, Time: 01:33:49

HP  -7/58        AC  8     Str  6      XL: 10   Next: 90%
MP  13/21        EV 16     Int 18      God: Makhleb [******]
Gold 555         SH  0     Dex 17      Spells:  4 memorised,  3 levels left
Lives: 0, deaths: 2

rFire  x . .     SeeInvis +       - Unarmed
rCold  + + +     Clarity  .     (armour unavailable)
rNeg   + . .     rCorr    .     (shield unavailable)
rPois  +         rRot     .     (helmet unavailable)
rElec  .         Spirit   .     (cloak unavailable)
SustAb .         Warding  .     (gloves unavailable)
rMut   .         Stasis   .     (boots unavailable)
Gourm  .                        (no amulet)
MR     +....                    C - ring of positive energy
                                g - cursed +2 ring of protection

@: ice-form, very slightly contaminated, hasted, very quick, somewhat resistant
to hostile enchantments, unstealthy
A: paw claws, no armour, no weapons or thrown items, (fangs 0), see invisible,
carnivore 3, (speed 0), (shaggy fur 0), slow metabolism 1, jump 2
a: Jump Attack, End Transformation, Minor Destruction, Lesser Servant of
Makhleb, Major Destruction, Greater Servant of Makhleb, Renounce Religion


You were on level 1 of the Lair of Beasts.
You worshipped Makhleb.
Makhleb was exalted by your worship.
You were full.
You were a creature of crystalline ice.
You visited 3 branches of the dungeon, and saw 12 of its levels.

You collected 555 gold pieces.

Inventory:

Missiles
 b - 57 arrows
 u - 16 arrows of frost
Magical devices
 k - a wand of random effects (15)
 n - a wand of magic darts (15)
 p - a wand of flame (16)
 s - a wand of disintegration (3)
Comestibles
 a - 7 meat rations
 l - a royal jelly
 A - a beef jerky
Scrolls
 c - 4 scrolls of remove curse
 e - a scroll of random uselessness {unknown}
 h - 5 scrolls of recharging
 j - a scroll of blinking
 o - a scroll of fog
 r - a scroll of amnesia {unknown}
 v - a scroll of immolation {unknown}
 x - a scroll of enchant armour {unknown}
 y - a scroll of magic mapping
 E - a scroll of fear {unknown}
 G - a scroll of vulnerability {unknown}
Jewellery
 g - a cursed +2 ring of protection (left paw)
 C - a ring of positive energy (right paw)
 I - an uncursed amulet of rage
Potions
 i - a potion of flight
 m - a potion of lignification
 q - a potion of haste
 w - 3 potions of brilliance
 z - a potion of cancellation
 F - a potion of cure mutation {unknown}
Books
 d - a book of Changes

   Spells                             Type                      Level
   *Beastly Appendage                 Transmutation                1
   *Sticks to Snakes                  Transmutation                2
   *Spider Form                       Transmutation/Poison         3
   *Ice Form                          Ice/Transmutation            4
   Blade Hands                        Transmutation                5
 t - a book of Battle

   Spells                             Type                      Level
   Infusion                           Charms                       1
   Shroud of Golubria                 Charms/Translocation         2
   Song of Slaying                    Charms                       2
   Spectral Weapon                    Hexes/Charms                 3
   Regeneration                       Charms/Necromancy            3
 H - a book of Wizardry

   Spells                             Type                      Level
   Agony                              Necromancy                   5
   Force Lance                        Conjuration                  5
   Dispersal                          Translocation                6
   Haste                              Charms                       6
   Invisibility                       Hexes                        6
   Spellforged Servitor               Conjuration/Summoning        7
Miscellaneous
 D - a phial of floods


   Skills:
 + Level 8.6 Fighting
 - Level 9.3 Dodging
 + Level 11.8 Unarmed Combat
 - Level 2.0 Spellcasting
 - Level 6.1 Transmutations
 - Level 6.0 Ice Magic
 - Level 2.1 Poison Magic


You had 3 spell levels left.
You knew the following spells:

 Your Spells              Type           Power        Failure   Level  Hunger
a - Beastly Appendage     Trmt           ###...       1%          1    #......
b - Sticks to Snakes      Trmt           ###.......   1%          2    ##.....
c - Spider Form           Trmt/Pois      ###.......   12%         3    ####...
d - Ice Form              Ice/Trmt       ###.....     17%         4    #####..


Dungeon Overview and Level Annotations

Branches:
Dungeon (9/15)             Temple (1/1) D:5             Orc (0/4) D:9
   Lair (2/8) D:9

Altars:
Ashenzari
Cheibriados
Dithmenos
Elyvilon
Fedhas
Kikubaaqudgha
Makhleb
Nemelex Xobeh
Okawaru
Qazlal
Sif Muna
Trog
Vehumet
Xom
Yredelemnul
Zin
The Shining One

Annotations:
D:3 Grinder
D:8 Edmund
D:9 Alarkh's ghost, powerful OgHu
Lair:1 exclusion: oklob plant


Innate Abilities, Weirdness & Mutations

You cannot wear armour.
You are incapable of wielding weapons or throwing items.
((Your paws have sharp claws.))
((You have razor-sharp teeth.))
You have supernaturally acute eyesight.
You are carnivorous and can eat meat at any time.
((You cover ground quickly.))
((You are covered in thick fur (AC +2).))
You have a slow metabolism.
You can jump attack at a medium distance.

Vault maps used:
D:1:      scummos_arrival_forest, minmay_cut_off
D:2:      xom_butterflies
D:3:      hex_medium, minmay_misc_feat_tower, uniq_grinder
D:4:      first_bread, roderic_serpentine_path
D:5:      temple_doors_e, hangedman_feature_mirror
D:6:      lemuel_castle_with_subvaults, uniq_eustachio
D:7:      corexii_shack_village, elyvilon_altar_1, cheibriados_altar_1
D:8:      uniq_grum, uniq_edmund
D:9:      orc_0_dummy, erik_lair_boring, the_bakery, kennysheep_just_a_vault
Temple:   water_room_temple_a_12
Lair:1:   lemuel_oklob_altar, grunt_megastairs_3, lemuel_fruit_tree
Lair:2:   minmay_lair_venomous_thicket, portal_ice_cave_entry_imps


Message History

Unknown command.
Evoke which item? (* to show all) (? for menu, Esc to quit)
Zapping:
s - a jewelled silver wand
Press: ? - help, Shift-Dir - straight line Nothing appears to happen.
s - a wand of disintegration {zapped: 1} Read which item? (? for menu, Esc to quit)
Okay, then.
The blink frog gives a loud, deep croak!
Found a ring mail.
A komodo dragon comes into view.
The blink frog blinks!
Casting: Spider Form
Confirm with . or Enter, or press ? or * to list all spells.
You turn into a venomous arachnid creature.
Unknown command.
The blink frog blinks! x2
The blink frog blinks!
The komodo dragon completely misses you.
You bite the komodo dragon!
The komodo dragon is moderately wounded.
You bite the komodo dragon!
The komodo dragon is poisoned.
The komodo dragon is heavily wounded.
The komodo dragon bites you!
The blink frog blinks!
An iguana comes into view.
The blink frog barely misses you. x2
The iguana hisses angrily.
The blink frog blinks!
A spiny frog comes into view.
The blink frog blinks!
The spiny frog moves out of view.
The komodo dragon hisses menacingly.
The spiny frog croaks.
The iguana completely misses you.
The blink frog blinks!
Your transformation is almost over.
The iguana misses you.
The komodo dragon looks more healthy.
Found 2 fruits.
Found a fruit.
The blink frog hits you.
A black mamba and a crocodile come into view.
The blink frog croaks.
The blink frog barely misses you.
Found 5 fruits.
The blink frog blinks!
The komodo dragon completely misses you.
Found a fruit.
The black mamba bites you.
You are lethally poisoned!
The black mamba poisons you! The komodo dragon closely misses you.
Your transformation has ended.
You feel very sick. The black mamba closely misses you.
The blink frog blinks!
You feel sick.
You feel sick. The blink frog completely misses you. The black mamba bites you.
You feel sick.
* * * LOW HITPOINT WARNING * * *
You feel sick. The blink frog misses you. The black mamba misses you.
Read which item? (? for menu, Esc to quit)
Blink to where?
Press: ? - help, Dir - move target cursor
As you read the scroll of blinking, it crumbles to dust.
You are very lightly contaminated with residual magic.
* * * LOW HITPOINT WARNING * * *
You feel sick.
* * * LOW HITPOINT WARNING * * *
You feel sick.
Drink which item? (? for menu, Esc to quit)
You feel better.
Read which item? (? for menu, Esc to quit)
Okay, then.
Drink which item? (? for menu, Esc to quit)
You feel yourself speed up.
Casting: Spider Form
Confirm with . or Enter, or press ? or * to list all spells.
You miscast Ice Form.
The air around you crackles with energy!
The black mamba bites you.
* * * LOW HITPOINT WARNING * * *
The blink frog blinks!
Casting: Ice Form
Confirm with . or Enter, or press ? or * to list all spells.
You turn into a creature of crystalline ice.
The black mamba bites you!
* * * LOW HITPOINT WARNING * * *
Unknown command.
Unknown command.
Drink which item? (? for menu, Esc to quit)
You feel better. The black mamba completely misses you.
The black mamba barely misses you.
Unknown command.
You hit the black mamba.
The black mamba seems to slow down.
You freeze the black mamba.
The black mamba is lightly wounded.
The blink frog blinks!
You punch the black mamba!
The black mamba seems to slow down.
You freeze the black mamba.
The black mamba is heavily wounded.
The black mamba misses you. The blink frog hits you!
You die...

########....t....##
##....# ##........#
#P....## #........#
###......#####l.....#
##.........## ##Fl...#
#...........####ยง....#
.............##PF#...#
..............##S#####
..............!#Y#
..(............F.#
.................#
.................#
.................#
.................#
.................##
...............##.#
##.............##.#


You could see a komodo dragon, a black mamba, a spiny frog, 2 blink frogs, a
crocodile and an iguana.

Table legend:
 A = Kills in this place as a percentage of kills in entire the game.
 B = Kills by you in this place as a percentage of kills by you in the entire game.
 C = Kills by friends in this place as a percentage of kills by friends in the entire game.
 D = Other kills in this place as a percentage of other kills in the entire game.
 E = Experience gained in this place as a percentage of experience gained in the entire game.
 F = Experience gained in this place divided by the number of levels of this place that you have seen.
                   A       B       C       D       E      F
               +-------+-------+-------+-------+-------+----------------------
         Total | 100.0 | 100.0 | 100.0 |  -nan | 100.0 | 1315.7
       Dungeon |  90.9 |  90.7 | 100.0 |  -nan |  64.0 | 1122.4
          Lair |   9.1 |   9.3 |   0.0 |  -nan |  36.0 | 2843.0
               +-------+-------+-------+-------+-------+----------------------

Vanquished Creatures
  A centaur warrior (D:9)
  A komodo dragon (Lair:1)
  11 blink frogs (Lair:1)
  A spriggan (D:9)
  3 hippogriffs
  Eustachio (D:6)
  Grum (D:8)
  3 yaks (Lair:1)
  4 wolves (D:8)
  3 water moccasins
  3 ice beasts
  2 porcupines (Lair:1)
  4 orc warriors
  A manticore zombie (D:8)
  2 sky beasts
  A necrophage (D:5)
  3 centaurs
  7 ogres
  2 boring beetles (D:9)
  7 giant frogs
  2 killer bees (D:9)
  An eye of draining (D:9)
  4 scorpions
  3 goliath beetles (D:6)
  13 jellies
  A quasit (D:9)
  A crimson imp (D:6)
  5 orc priests
  3 gnoll shamans
  2 giant frog skeletons
  5 hounds
  A centaur skeleton (D:7)
  10 orc wizards
  8 iguanas
  7 worker ants
  5 orange rats (Lair:1)
  A mummy (D:9)
  An ogre skeleton (D:4)
  A hound skeleton (D:8)
  A worker ant zombie (D:5)
  50 gnolls
  12 adders
  A scorpion zombie (D:6)
  A giant mite (D:8)
  An orc skeleton (D:4)
  2 shadow imps
  3 worms
  A gnoll skeleton (D:4)
  An adder zombie (D:8)
  2 adder skeletons
  6 giant geckos
  2 oozes
  41 orcs
  13 bats
  10 giant cockroaches
  15 hobgoblins
  22 jackals
  3 quokkas
  2 ball pythons (D:4)
  3 giant newts
  A giant spore (D:8)
  21 goblins
  22 kobolds
  A kobold skeleton (D:5)
  A kobold zombie (D:5)
  16 rats
  3 ballistomycetes (D:8)
  A butterfly (D:2)
393 creatures vanquished.

Vanquished Creatures (collateral kills)
  A troll (D:9)
  2 boring beetles (D:9)
  An ogre zombie (D:3)
  An ogre skeleton (D:4)
  A quokka (D:9)
  2 rats (D:4)
8 creatures vanquished.

Vanquished Creatures (others)
  A ballistomycete (D:8)
1 creature vanquished.

Grand Total: 402 creatures vanquished

Notes
Turn   | Place    | Note
--------------------------------------------------------------
     0 | D:1      | magipi, the Felid Transmuter, began the quest for the Orb.
     0 | D:1      | Reached XP level 1. HP: 9/9 MP: 4/4
   349 | D:1      | Reached XP level 2. HP: 12/12 MP: 3/5
   362 | D:1      | Learned a level 2 spell: Sticks to Snakes
  1401 | D:2      | Reached XP level 3. HP: 15/15 MP: 6/8
  1406 | D:2      | Learned a level 3 spell: Spider Form
  1517 | D:2      | Found a shimmering altar of Xom.
  1746 | D:2      | Reached skill level 1 in Poison Magic
  2111 | D:2      | Reached XP level 4. HP: 15/19 MP: 7/10
  2372 | D:2      | Reached skill level 4 in Unarmed Combat
  3163 | D:3      | Reached XP level 5. HP: 10/22 MP: 10/12
  3805 | D:3      | Noticed Grinder
  4637 | D:3      | Reached skill level 5 in Unarmed Combat
  4798 | D:3      | Gained mutation: You are covered in thick fur (AC +2). [growing up]
  4798 | D:3      | Gained mutation: You can jump attack at a medium distance. [growing up]
  4798 | D:3      | Reached XP level 6. HP: 14/25 MP: 8/14
  6972 | D:4      | Reached skill level 6 in Unarmed Combat
  7094 | D:4      | Reached XP level 7. HP: 23/28 MP: 13/17
  7317 | D:5      | Entered Level 5 of the Dungeon
  7653 | D:5      | Found a staircase to the Ecumenical Temple.
  7699 | Temple   | Entered the Ecumenical Temple
  7805 | Temple   | Became a worshipper of Makhleb the Destroyer
  7850 | D:5      | Reached skill level 5 in Dodging
  7913 | D:5      | Found a shimmering altar of Xom.
  7922 | D:5      | Reached skill level 7 in Unarmed Combat
  8234 | D:5      | Found a basalt altar of Yredelemnul.
  8611 | D:6      | Reached XP level 8. HP: 32/32 MP: 18/18
  8781 | D:6      | Reached skill level 8 in Unarmed Combat
  8848 | D:6      | Acquired Makhleb's first power
  8946 | D:6      | Noticed Eustachio
  8970 | D:6      | Killed Eustachio
  9068 | D:6      | Reached skill level 9 in Unarmed Combat
  9500 | D:6      | Acquired Makhleb's second power
 10202 | D:6      | Acquired Makhleb's third power
 10226 | D:6      | Reached XP level 9. HP: 22/35 MP: 13/19
 10472 | D:6      | Learned a level 4 spell: Ice Form
 10535 | D:6      | Acquired Makhleb's fourth power
 10694 | D:7      | Reached skill level 10 in Unarmed Combat
 10832 | D:7      | Found a white marble altar of Elyvilon.
 10876 | D:7      | Found a snail-covered altar of Cheibriados.
 10956 | D:7      | Reached skill level 1 in Ice Magic
 11041 | D:7      | Reached skill level 5 in Transmutations
 11736 | D:8      | Noticed Edmund
 11737 | D:8      | Noticed Grum
 11785 | D:8      | Acquired Makhleb's fifth power
 12011 | D:8      | Killed Grum
 12079 | D:8      | Reached XP level 10. HP: 36/42 MP: 21/21
 12439 | D:8      | Reached skill level 5 in Ice Magic
 12631 | D:9      | Slain by a troll
 12632 | D:9      | Reached XP level 9. HP: -1/39 MP: 18/19
 12678 | D:9      | Noticed a centaur warrior
 12687 | D:9      | Killed a centaur warrior
 12733 | D:9      | Reached skill level 5 in Fighting
 12819 | D:9      | Found a staircase to the Orcish Mines.
 12842 | D:9      | Found a staircase to the Lair.
 13637 | D:9      | Killed from afar by an orc wizard
 13638 | D:9      | Reached XP level 8. HP: 0/38 MP: 18/18
 13992 | D:9      | Reached XP level 9. HP: 41/41 MP: 19/19
 14537 | D:9      | Noticed Alarkh's ghost (powerful OgHu)
 15784 | Lair:1   | Entered Level 1 of the Lair of Beasts
 16049 | Lair:1   | Reached XP level 10. HP: 47/47 MP: 17/21
 16055 | Lair:1   | Reached skill level 11 in Unarmed Combat
 16438 | Lair:1   | Noticed a komodo dragon
 16448 | Lair:1   | Killed a komodo dragon
 16613 | Lair:1   | Found a glowing silver altar of Zin.
 16613 | Lair:1   | Noticed an oklob plant
 17597 | Lair:1   | Noticed a komodo dragon
 17638 | Lair:1   | Noticed a black mamba
 17658 | Lair:1   | Mangled by a blink frog

Action                   |  1- 3 |  4- 6 |  7- 9 | 10-12 || total
-------------------------+-------+-------+-------+-------++-------
Melee: Unarmed           |   109 |   228 |   763 |   163 ||  1263
 Cast: Beastly Appendage |    24 |    25 |    25 |     2 ||    76
       Spider Form       |     1 |    19 |    64 |    17 ||   101
       Sticks to Snakes  |       |    10 |    25 |       ||    35
       Ice Form          |       |       |     9 |     2 ||    11
 Abil: End Transformatio |       |       |     1 |     1 ||     2
Evoke: Wand              |     1 |     1 |     2 |     1 ||     5
  Use: Potion            |     1 |       |     1 |     3 ||     5
       Scroll            |       |       |    13 |     5 ||    18
 Stab: Sleeping          |     2 |     1 |     5 |       ||     8
       Distracted        |       |       |     2 |       ||     2
  Eat: Chunk             |     9 |    14 |    17 |    10 ||    50
       Royal jelly       |       |       |     1 |       ||     1
       Pizza             |       |       |       |     1 ||     1

Action                   |  1- 3 |  4- 6 |  7- 9 | 10-12 || total
-------------------------+-------+-------+-------+-------++-------
Melee: Unarmed           |   109 |   228 |   763 |   163 ||  1263
 Cast: Beastly Appendage |    24 |    25 |    25 |     2 ||    76
       Spider Form       |     1 |    19 |    64 |    17 ||   101
       Sticks to Snakes  |       |    10 |    25 |       ||    35
       Ice Form          |       |       |     9 |     2 ||    11
 Abil: End Transformatio |       |       |     1 |     1 ||     2
Evoke: Wand              |     1 |     1 |     2 |     1 ||     5
  Use: Potion            |     1 |       |     1 |     3 ||     5
       Scroll            |       |       |    13 |     5 ||    18
 Stab: Sleeping          |     2 |     1 |     5 |       ||     8
       Distracted        |       |       |     2 |       ||     2
  Eat: Chunk             |     9 |    14 |    17 |    10 ||    50
       Royal jelly       |       |       |     1 |       ||     1
       Pizza             |       |       |       |     1 ||     1

Action                   |  1- 3 |  4- 6 |  7- 9 | 10-12 || total
-------------------------+-------+-------+-------+-------++-------
Melee: Unarmed           |   109 |   228 |   763 |   163 ||  1263
 Cast: Beastly Appendage |    24 |    25 |    25 |     2 ||    76
       Spider Form       |     1 |    19 |    64 |    17 ||   101
       Sticks to Snakes  |       |    10 |    25 |       ||    35
       Ice Form          |       |       |     9 |     2 ||    11
 Abil: End Transformatio |       |       |     1 |     1 ||     2
Evoke: Wand              |     1 |     1 |     2 |     1 ||     5
  Use: Potion            |     1 |       |     1 |     3 ||     5
       Scroll            |       |       |    13 |     5 ||    18
 Stab: Sleeping          |     2 |     1 |     5 |       ||     8
       Distracted        |       |       |     2 |       ||     2
  Eat: Chunk             |     9 |    14 |    17 |    10 ||    50
       Royal jelly       |       |       |     1 |       ||     1
       Pizza             |       |       |       |     1 ||     1
